 Dungeon Crawl Stone Soup version 0.31-a0-960-g0fca184906 (webtiles) character file.

Game seed: 12149894823246937989

3460 sanka the Fighter (level 9, -2/71 (72) HPs)
             Began as a Yellow Draconian Conjurer on Oct 22, 2023.
             Was a Believer of Hepliaklqana.
             Slain by Kammani the hexer
             ... wielding a +0 dagger of draining
             ... created by the player character
              (6 damage)
             ... on level 9 of the Dungeon on Oct 23, 2023.
             The game lasted 00:18:13 (9988 turns).

sanka the Fighter (Yellow Draconian Conjurer)       Turns: 9988, Time: 00:18:13

HP:   -2/71 (72)    AC:  8    Str:  9    XL:     9   Next: 78%
MP:   4/15          EV: 16    Int: 24    God:    Hepliaklqana [**....]
Gold: 189           SH:  0    Dex: 15    Spells: 13/16 levels left

rFire   + . .        z - +2 flail (protect)
rCold   + . .        (no shield)
rNeg    . . .        (body armour unavailable)
rPois   .            (helmet restricted)
rElec   .            B - scarf {rC+ rF+}
rCorr   +            u - +0 pair of gloves
SInv    .            (no boots)
Will    +....        (no amulet)
Stlth   ++           E - +6 ring of dexterity
HPRegen 0.31/turn    y - ring of willpower
MPRegen 0.14/turn

%: no passive effects
@: short of breath, lightly drained
A: reduced essence, spit acid, AC +7, unfitting armour, cold-blooded, acid
resistance
a: Breathe Acid, Renounce Religion, Recall Ancestor, Ancestor Identity


You were on level 9 of the Dungeon.
You worshipped Hepliaklqana.
Hepliaklqana was pleased with you.
You visited 1 branch of the dungeon, and saw 9 of its levels.
You also visited: Ossuary.

You collected 475 gold pieces.
You spent 286 gold pieces at shops.


Innate Abilities, Weirdness & Mutations

Your life essence is reduced to manifest your ancestor. (-10% HP)
You can spit globs of acid.
Your golden yellow scales are hard. (AC +7)
You cannot fit into any form of body armour.
You are cold-blooded and may be slowed by cold attacks.
You are resistant to acid. (rCorr)


   Skills:
 - Level 8.0 Fighting
 - Level 8.0 Dodging
 - Level 1.7 Stealth
 - Level 4.0 Spellcasting
 - Level 6.0 Conjurations
 + Level 5.7 Ice Magic


You had 13 spell levels left.
You knew the following spells:

 Your Spells              Type           Power      Damage    Failure   Level
x - Searing Ray           Conj           66%        2d6       1%          2
z - Magic Dart            Conj           100%       1d8       1%          1

Your spell library contained the following spells:

 Spells                   Type           Power      Damage    Failure   Level
 Ensorcelled Hibernation  Hex/Ice        36%        N/A       4%          2
 Dazzling Flash           Conj/Hex       38%        N/A       9%          3
 Sting                    Tmut/Pois      16%        1d3       10%         1
 Passwall                 Tmut/Erth      3%         N/A       14%         2
 Poisonous Vapours        Pois/Air       8%         N/A       14%         2
 Wereblood                Tmut           4%         N/A       14%         2
 Call Canine Familiar     Summ           4%         N/A       28%         3
 Sigil of Binding         Hex            4%         N/A       28%         3
 Summon Guardian Golem    Hex/Summ       4%         N/A       28%         3
 Swiftness                Air            4%         N/A       28%         3
 Tukima's Dance           Hex            4%         N/A       28%         3
 Fulminant Prism          Conj/Hex       9%         3d7       28%         4
 Iskenderun's Mystic Bla  Conj/Tloc      19%        2d6       28%         4
 Irradiate                Conj/Tmut      9%         3d14      61%         5
 Dimensional Bullseye     Hex/Tloc       2%         N/A       67%         4
 Leda's Liquefaction      Hex/Erth       2%         N/A       67%         4
 Olgreb's Toxic Radiance  Pois           4%         N/A       67%         4
 Simulacrum               Ice/Necr       9%         N/A       99%         6
 Orb of Destruction       Conj           16%        9d7       100%        7
 Ozocubu's Refrigeration  Ice            16%        4d11      100%        7
 Spellforged Servitor     Conj/Summ      9%         N/A       100%        7
 Polar Vortex             Ice            16%        12d2*     100%        9

Inventory:

Hand Weapons
 s - a +0 trident
 z - a +2 flail of protection (weapon)
Armour
 u - a +0 pair of gloves (worn)
 B - a scarf of resistance (worn)
Jewellery
 k - a ring of protection from fire
 v - a +6 ring of strength
 y - a ring of willpower (right hand)
 E - a +6 ring of dexterity (left hand)
 F - a ring of wizardry
 I - a ring of positive energy
Wands
 q - a wand of polymorph (7)
 A - a wand of flame (2)
 J - a wand of quicksilver (5)
 M - a wand of paralysis (3)
Scrolls
 e - 4 scrolls of teleportation {unknown}
 f - 2 scrolls of enchant armour
 g - 4 scrolls of vulnerability {!r}
 h - 2 scrolls of butterflies {unknown}
 j - 3 scrolls of silence {!r}
 m - a scroll of amnesia {unknown}
 n - 3 scrolls of enchant weapon
 o - 4 scrolls of fear
 p - 2 scrolls of immolation {unknown}
 x - a scroll of brand weapon {unknown}
 D - a scroll of fog {unknown}
 G - 3 scrolls of poison {unknown}
 H - 2 scrolls of revelation
 K - a scroll of noise {unknown}
 L - 2 scrolls of identify {@r1}
Potions
 a - 2 potions of magic
 b - 5 potions of mutation {unknown}
 c - 6 potions of brilliance {unknown}
 d - 6 potions of haste {@q3}
 i - a potion of heal wounds {@q2}
 l - 4 potions of curing {unknown}
 r - 2 potions of ambrosia {unknown}
 t - 4 potions of berserk rage {unknown}
 w - 2 potions of invisibility {unknown}
 C - 2 potions of enlightenment {unknown}

Dungeon Overview and Level Annotations

Branches:
Dungeon (9/15)             Temple (0/1) D:6            Lair (0/5) D:8
    Orc (0/2) D:9         Ossuary (visited)

Altars:
Fedhas
Hepliaklqana
Ru
Sif Muna
Uskayaw
Zin

Shops:
D:2 [=   D:6 ![(([

Annotations:
D:3 1 transporter, ongoing's ghost, amateur MiHu

.▒▒▒▒▒▒▒.▒ ▒▒.
.........▒
.........▒
..(......▒▒▒▒▒▒▒
................
.........▒▒▒▒▒▒▒
.........▒
.........▒
........d▒
.......R▒▒▒▒▒▒▒▒▒...
....................
>.......▒▒▒▒▒▒▒▒▒?..
▒▒▒▒▒▒▒.▒ ▒.▒ ▒.▒
▒.▒ ▒.▒


You could see the friendly Kammani the hexer (confused).


Message History

* * * LOW HITPOINT WARNING * * *
Something closely misses you.
Unknown command.
Use which ability? (? or * to list)
Press: ? - help, Shift-Dir - straight line You spit a glob of acid.
The glob of acid hits something!
Kammani points next to you and mumbles some strange words.
Something hits you.
* * * LOW HITPOINT WARNING * * *
Something bites you.
* * * LOW HITPOINT WARNING * * *
Something draws strength from your injuries!
You hear some strange, mumbled words.
Kammani appears confused.
Kammani hits something with a +0 dagger of draining!
Kammani hits something with a +0 dagger of draining!
Reactivating autopickup.
You feel a bit more experienced.
You start resting.
Kammani hits you with a +0 dagger of draining.
* * * LOW HITPOINT WARNING * * *
You feel drained.
Kammani hits herself with a +0 dagger of draining.
Unknown command.
You start resting.
Kammani completely misses you.
You start resting.
Kammani hits you with a +0 dagger of draining.
You die...

Action                     |  1- 3 |  4- 6 |  7- 9 || total
---------------------------+-------+-------+-------++-------
  Melee: Whip              |    43 |       |       ||    43
         Tailslap          |     4 |     1 |    25 ||    30
         Trident           |       |     1 |       ||     1
         Flail             |       |       |   139 ||   139
         Punch             |       |       |     2 ||     2
   Cast: Magic Dart        |    68 |   125 |   140 ||   333
         Searing Ray       |       |    13 |    25 ||    38
 Invoke: Recall Ancestor   |       |       |     1 ||     1
         Ancestor Life: He |       |       |     1 ||     1
Ability: Breathe Acid      |       |       |     4 ||     4
    Use: Scroll            |       |       |     6 ||     6
   Stab: Distracted        |       |       |     2 ||     2
 Armour: Skin              |    25 |    11 |   180 ||   216
  Dodge: Dodged            |    34 |    25 |   204 ||   263

Levels and vault maps discovered:
D:1:      tarquinn_simple_flora_water_f, layout_basic
D:2:      layout_loops_cross, serial_shops, shop, shop, nicolae_square_shop
D:3:      layout_basic, gammafunk_ghost_smash,
          shapermc_ecumenical_altar_acropolis, st_stairs_9,
          kennysheep_generic_room_8
D:4:      layout_basic, nicolae_ru_the_path_less_chosen, amethyst_killhole,
          st_stairs_7, chequers_serial_rivers_micro_a
D:5:      layout_basic, nicolae_overflow_crystal_walls,
          kennysheep_orc_sif_temple
D:6:      nicolae_cairo_tiling, layout_cave_pods, serial_shops, shop,
          nicolae_shop_peninsula, nicolae_shop_tiny_waterfront, shop,
          nicolae_shop_trees, uniq_grinder, uniq_edmund, uniq_maggie
D:7:      layout_cave_pods, lemuel_tele_altar, nicolae_ossuary_entry_monument
D:8:      layout_rooms, mainiacjoe_overflow_alcove_1, zin_statuary,
          lair_entry_dummy
D:9:      layout_small_grid, david_orc_2

Notes
Turn   | Place    | Note
-------+----------+-------------------------------------------
     0 | D:1      | sanka the Draconian Conjurer began the quest for the Orb.
     0 | D:1      | Reached XP level 1. HP: 14/14 MP: 3/3
   209 | D:1      | Reached XP level 2. HP: 20/20 MP: 3/5
   265 | D:1      | Learned a level 2 spell: Searing Ray
   859 | D:1      | Reached XP level 3. HP: 26/26 MP: 0/7
  1361 | D:2      | Found Ruire's Armour Shop.
  1394 | D:2      | Reached skill level 3 in Spellcasting
  1541 | D:2      | Found Domiuv's Jewellery Shop.
  1556 | D:2      | Reached XP level 4. HP: 33/33 MP: 4/8
  1818 | D:2      | Reached skill level 5 in Conjurations
  1885 | D:2      | Found Esei's Weapon Boutique.
  2477 | D:3      | Found a transporter.
  2477 | D:3      | Noticed ongoing's ghost (amateur MiHu)
  2478 | D:3      | Identified the +11 great mace of Hepliaklqana's Regard
                  | {speed, *Corrode rElec Int+5}
  2478 | D:3      | Noticed an ogre
  2479 | D:3      | Noticed an ogre
  2527 | D:3      | Found a faded altar of an unknown god.
  3073 | D:4      | Reached XP level 5. HP: 38/38 MP: 7/10
  4059 | D:4      | Found a sacrificial altar of Ru.
  4178 | D:5      | Entered Level 5 of the Dungeon
  4209 | D:5      | Reached skill level 4 in Spellcasting
  4209 | D:5      | Reached skill level 6 in Conjurations
  4436 | D:5      | Noticed an ogre
  4443 | D:5      | Killed an ogre
  4444 | D:5      | Reached skill level 1 in Fighting
  4444 | D:5      | Reached skill level 2 in Dodging
  4444 | D:5      | Reached XP level 6. HP: 47/47 MP: 3/12
  4648 | D:5      | Reached skill level 2 in Fighting
  4748 | D:5      | Found a hazy altar of Hepliaklqana.
  4762 | D:5      | Became a worshipper of Hepliaklqana the Forgotten
  5062 | D:5      | Found a shimmering blue altar of Sif Muna.
  5071 | D:5      | Reached skill level 3 in Dodging
  5613 | D:6      | Noticed Grinder
  5622 | D:6      | Killed Grinder
  5623 | D:6      | Reached skill level 3 in Fighting
  5623 | D:6      | Your scales start taking on a golden yellow colour.
  5623 | D:6      | Reached XP level 7. HP: 47/58 MP: 2/13
  5623 | D:6      | Gained mutation: You are resistant to acid. (rCorr) [Yellow
                  | Draconian growth]
  5706 | D:6      | Upgraded the game from 0.31-a0-955-gcb8bc90ed4 to
                  | 0.31-a0-960-g0fca184906
  5712 | D:6      | Reached skill level 4 in Fighting
  5786 | D:6      | Noticed a wyvern
  5792 | D:6      | Killed a wyvern
  5793 | D:6      | Reached skill level 4 in Dodging
  5841 | D:6      | Noticed Edmund
  5852 | D:6      | Killed Edmund
  5853 | D:6      | Reached skill level 5 in Fighting
  5957 | D:6      | Found Dathilyor's Armour Boutique.
  5970 | D:6      | Found Xyzoh's Antique Weapon Boutique.
  6039 | D:6      | Found a staircase to the Ecumenical Temple.
  6150 | D:6      | Reached XP level 8. HP: 68/68 MP: 7/14
  6216 | D:6      | Identified +0 steam dragon scales
  6216 | D:6      | Noticed Maggie
  6225 | D:6      | Killed Maggie
  6226 | D:6      | Reached skill level 6 in Fighting
  6226 | D:6      | Reached skill level 5 in Dodging
  6297 | D:6      | Found Raustryta's Armour Shoppe.
  6549 | D:6      | Found Girghec's Weapon Shop.
  6553 | D:6      | Found Ojia's Distillery.
  6710 | D:6      | Reached skill level 6 in Dodging
  6880 | D:6      | Identified a scarf of resistance
  7160 | D:6      | Reached * piety under Hepliaklqana
  7288 | D:7      | Found a sand-covered staircase.
  7356 | Ossuary  | Entered an ossuary
  7373 | Ossuary  | Reached skill level 7 in Fighting
  7575 | Ossuary  | Reached XP level 9. HP: 72/72 MP: 8/15
  7731 | Ossuary  | Reached skill level 8 in Fighting
  7744 | Ossuary  | Reached skill level 7 in Dodging
  7960 | D:6      | Bought a potion of heal wounds for 55 gold pieces
  7960 | D:6      | Bought 2 potions of haste for 220 gold pieces
  7960 | D:6      | Bought a potion of degeneration for 11 gold pieces
  7976 | D:7      | Found a blossoming altar of Fedhas.
  9013 | D:7      | Reached ** piety under Hepliaklqana
  9083 | D:7      | Remembered your ancestor Kammani as a hexer
  9156 | D:8      | Reached skill level 8 in Dodging
  9156 | D:8      | Reached skill level 1 in Ice Magic
  9258 | D:8      | Reached skill level 2 in Ice Magic
  9399 | D:8      | Found a glowing silver altar of Zin.
  9487 | D:8      | Found a staircase to the Lair.
  9516 | D:8      | Reached skill level 3 in Ice Magic
  9545 | D:8      | Found a hide-covered altar of Uskayaw.
  9811 | D:9      | Reached skill level 4 in Ice Magic
  9826 | D:9      | Found a staircase to the Orcish Mines.
  9848 | D:9      | Reached skill level 5 in Ice Magic
  9975 | D:9      | HP: 7/72 [something (9)]
  9976 | D:9      | HP: 3/72 [something (5)]
  9985 | D:9      | HP: 3/72 [Kammani the hexer/+0 dagger of draining[the
                  | player character] (2)]
  9988 | D:9      | Slain by Kammani the hexer

Vanquished Creatures
  Maggie (D:6)
  Grinder (D:6)
  A wyvern (D:6)
  Edmund (D:6)
  An acid dragon (D:8)
  2 orc warriors
  An ogre (D:5)
  2 centaurs (D:6)
  A scorpion (D:7)
  A bullfrog (D:8)
  A water moccasin zombie (Ossuary)
  2 centaur zombies (Ossuary)
  3 bullfrog zombies (Ossuary)
  2 hounds
  4 jellies
  A gnoll bouda (D:6)
  3 iguanas (D:5)
  2 sleepcaps
  4 orc wizards
  2 killer bee zombies (Ossuary)
  7 mummies (Ossuary)
  8 gnolls
  9 adders
  4 shadow imps
  A worm (D:5)
  3 dart slugs
  23 orcs
  9 ball pythons
  5 endoplasms
  3 giant cockroaches
  9 hobgoblins
  10 jackals
  7 kobolds
  7 quokkas
  3 bats
  7 frilled lizards
  6 goblins
  A rat (D:2)
158 creatures vanquished.

Vanquished Creatures (collateral kills)
  A vampire (D:9)
  A water moccasin (D:8)
  3 orc warriors (D:9)
  A bullfrog (D:7)
  A water moccasin zombie (Ossuary)
  A centaur zombie (Ossuary)
  A bullfrog zombie (Ossuary)
  2 orc priests (D:7)
  2 orc wizards (D:9)
  4 mummies (Ossuary)
  10 orcs
27 creatures vanquished.

Vanquished Creatures (others)
  An ancestor (D:7)
1 creature vanquished.

Grand Total: 186 creatures vanquished
